 Dungeon Crawl Stone Soup version 0.17-a0-18-gc25b939 (webtiles) character file.

27 Herrn the Grave Robber (level 3, -3/21 HPs)
             Began as a Gargoyle Necromancer on Mar 6, 2015.
             Slain by Sigmund
             ... wielding a +0 scythe
              (4 damage)
             ... on level 2 of the Dungeon.
             The game lasted 00:04:26 (1736 turns).

Herrn the Grave Robber (Gargoyle Necromancer)       Turns: 1736, Time: 00:04:27

Health: -3/21      AC:  6    Str: 11    XL:     3   Next: 10%
Magic:  0/15       EV: 12    Int: 16    God:
Gold:   54         SH:  0    Dex: 10    Spells: 1 memorised, 5 levels left

rFire  + . .     SeeInvis .     h - -2 short sword (curse)
rCold  . . .     Clarity  .     q - +0 robe
rNeg   + . .     SustAb   .     (no shield)
rPois  ∞         Gourm    .     (no helmet)
rElec  +         Spirit   .     d - +0 cloak
rCorr  .         Warding  .     (no gloves)
rMut   .         Stasis   .     (no boots)
MR     .....                    (no amulet)
Stlth  ++........               n - ring of magical power
                                l - ring of protection from fire

@: very slightly contaminated, not resistant to hostile enchantments, unstealthy
A: negative energy resistance 1, electricity resistance, unbreathing,
petrification resistance, rot immunity, AC +3
a: no special abilities


You were on level 2 of the Dungeon.
You were not hungry.

You visited 1 branch of the dungeon, and saw 2 of its levels.

You collected 54 gold pieces.

Inventory:

Hand weapons
 h - a cursed -2 short sword (weapon)
 m - a +1 dagger of draining
Armour
 d - a +0 cloak (worn)
 q - a +0 robe (worn)
Jewellery
 l - a ring of protection from fire (left hand)
 n - a ring of magical power (right hand)
Scrolls
 e - 3 scrolls of identify {unknown}
 g - a scroll of recharging {unknown}
 j - a scroll of amnesia {unknown}
 k - a scroll of enchant armour {unknown}
 o - a scroll of remove curse {unknown}
Books
 b - a book of Necromancy

   Spells                             Type                      Level
   a - Pain                           Necromancy                   1
   b - Animate Skeleton               Necromancy                   1
   c - Vampiric Draining              Necromancy                   3
   d - Regeneration                   Charms/Necromancy            3
   e - Animate Dead                   Necromancy                   4
   f - Control Undead                 Necromancy                   4
Comestibles
 f - a beef jerky


   Skills:
 * Level 2.1 Fighting
 + Level 2.1 Dodging
 - Level 2.1 Stealth
 - Level 2.0 Spellcasting
 - Level 3.2 Necromancy


You had 5 spell levels left.
You knew the following spells:

 Your Spells              Type           Power        Failure   Level  Hunger
a - Pain                  Necr           ##..         8%          1    #......


Dungeon Overview and Level Annotations

Branches:
Dungeon (2/15)

Altars:
Trog
Xom

Annotations:
D:2 Sigmund


Innate Abilities, Weirdness & Mutations

You are resistant to torment.
You are immune to poison.
Your stone body is very resilient (AC +3).
You resist negative energy.
You are resistant to electric shocks.
You can survive without breathing.
You are immune to petrification.
You are immune to rotting.


Message History

Aim: Sigmund, wielding a scythe and wearing a robe (moderately wounded, chance 76%)
You miscast Pain.
You are very lightly contaminated with residual magic.
Pain shoots through your body.
Sigmund gestures wildly while chanting.
Sigmund flickers and vanishes!
Deactivating autopickup; reactivate with Ctrl-A.
Casting: Pain
Confirm with . or Enter, or press ? or * to list all spells.
Aiming: Pain
Press: ? - help, Shift-Dir - straight line, f - giant newt
Aim: a giant newt (chance 82%)
The giant newt convulses in agony!
You kill the giant newt!
Something hits you but does no damage.
Casting: Pain
Confirm with . or Enter, or press ? or * to list all spells.
You don't have enough magic to cast that spell.
Something hits you.
You die...

# #.# # #.. ### ##.# ..#
##...## #.# ##.....#######
#.# ##.......#....# #.#
#....._...†..#.## #.#
.#.......##....####.###
##.....###..#.@{?....###.#
# ##...##
#....####.......# .. ##.#
#.....†.........%. # #.
####....###.#..#####
#..........<##.#..#
####.......#......#
#.....##.#.##..# ##...##
.#.# !. ##### .#.#


There were no monsters in sight!

Vanquished Creatures
  An adder (D:2)
  A giant gecko (D:1)
  2 bats (D:1)
  2 hobgoblins (D:1)
  3 jackals (D:1)
  2 kobolds (D:1)
  2 giant cockroaches (D:1)
  2 giant newts (D:2)
  A rat (D:2)
16 creatures vanquished.

Notes
Turn   | Place    | Note
--------------------------------------------------------------
     0 | D:1      | Herrn, the Gargoyle Necromancer, began the quest for the Orb.
     0 | D:1      | Reached XP level 1. HP: 10/10 MP: 3/3
   434 | D:1      | You fall through a shaft!
   436 | D:2      | Found a bloodstained altar of Trog.
   466 | D:2      | Reached skill level 1 in Fighting
   470 | D:2      | Reached XP level 2. HP: 2/17 MP: 1/4
  1310 | D:1      | Reached XP level 3. HP: 21/21 MP: 6/6
  1378 | D:2      | Noticed Sigmund
  1704 | D:2      | Found a shimmering altar of Xom.
  1736 | D:2      | Slain by Sigmund

Action                   || total
-------------------------++-------
Melee: Short sword       ||    39
 Cast: Pain              ||    46
  Use: Potion            ||     1
 Stab: Sleeping          ||     1
  Eat: Fruit             ||     2
       Bread ration      ||     1
